 Dungeon Crawl Stone Soup version 0.29.0-13-gc9e81de378 (webtiles) character file.

Game seed: 2499902525273093037

9489 bchevrier the Fighter (level 11, -2/82 HPs)
             Began as a Gnoll Wanderer on Sept 8, 2022.
             Was a Priest of Hepliaklqana.
             Slain by a kobold brigand
             ... wielding a +0 whip
              (5 damage)
             ... on level 9 of the Dungeon.
             The game lasted 00:37:25 (10606 turns).

bchevrier the Fighter (Gnoll Wanderer)             Turns: 10606, Time: 00:37:28

Health: -2/82      AC: 18    Str:  9      XL:     11   Next: 47%
Magic:  0/20       EV:  3    Int: 13      God:    Hepliaklqana [***...]
Gold:   409        SH:  0    Dex: 16 (18) Spells: 23/23 levels left

rFire   . . .      SeeInvis .   D - +6 quarterstaff "Piakex" {vorpal, rElec}
rCold   . . .      Faith    .   (shield currently unavailable)
rNeg    . . .      Spirit   +   z - +0 plate armour of Vehumet's Supremacy {rPois Int+5 Stlth+}
rPois   +          Reflect  .   (helmet restricted)
rElec   +          Harm     .   C - +0 cloak
rCorr   .          Rampage  .   (no gloves)
Will    .....                   b - +2 pair of boots
Stlth   ..........              H - amulet of guardian spirit
HPRegen 0.23/turn               t - +4 ring of slaying
MPRegen 0.17/turn               A - +4 ring of slaying

@: on berserk cooldown, slowed, unable to read, very slow
A: reduced essence, fangs 1, strong nose, distributed training, antennae 1,
agile 1, deterioration 1, dopey 1, screaming 1, weak 2, inability to read after
injury 1, MP-powered wands
a: Renounce Religion, Recall Ancestor, Ancestor Identity, Transference


You were on level 9 of the Dungeon.
You worshipped Hepliaklqana.
Hepliaklqana was most pleased with you.
You visited 2 branches of the dungeon, and saw 10 of its levels.

You collected 514 gold pieces.
You spent 105 gold pieces at shops.

Inventory:

Hand Weapons
 a - a +3 mace
 d - a +1 scythe of freezing
 g - a +0 dagger of protection
 o - a +0 dagger of venom
 x - a +1 short sword of draining
 D - the +6 quarterstaff "Piakex" (weapon) {vorpal, rElec}
   (You found it on level 6 of the Dungeon)

   It inflicts extra damage upon your enemies.
   rElec:     It insulates you from electricity.
 P - a +3 whip
 Q - a +3 falchion
 R - a +3 dagger
Missiles
 y - 33 poisoned darts
Armour
 b - a +2 pair of boots (worn)
 w - a +2 helmet
 z - the +0 plate armour of Vehumet's Supremacy (worn) {rPois Int+5 Stlth+}
   (You found it on level 5 of the Dungeon)

   Int:       It affects your intelligence (+5).
   rPois:     It protects you from poison.
   Stlth:     It makes you more stealthy.
 C - a +0 cloak (worn)
 K - the +0 chain mail "Torphosch" {rN++ Str-4 Int+9 Stlth-}
   (You found it on level 7 of the Dungeon)

   Str:       It affects your strength (-4).
   Int:       It affects your intelligence (+9).
   rN:        It greatly protects you from negative energy.
   Stlth:     It makes you less stealthy.
 W - +0 acid dragon scales
Magical Staves
 U - a staff of death
Jewellery
 j - a ring of protection from cold
 k - a +6 ring of intelligence
 t - a +4 ring of slaying (left hand)
 v - a ring of fire
 A - a +4 ring of slaying (right hand)
 B - a ring of poison resistance
 H - an amulet of guardian spirit (around neck)
 X - a ring of positive energy
Wands
 c - a wand of charming (10)
 f - a wand of iceblast (17)
 J - a wand of quicksilver (3)
 M - a wand of digging (4)
Scrolls
 h - a scroll of fear
 i - 4 scrolls of teleportation
 l - 2 scrolls of enchant weapon {unknown}
 m - 2 scrolls of immolation
 p - 3 scrolls of fog
 q - 3 scrolls of noise
 r - a scroll of poison {unknown}
 N - a scroll of enchant armour
 S - a scroll of silence {unknown}
 Y - a scroll of identify
Potions
 e - a potion of curing
 n - a potion of magic
 u - 6 potions of heal wounds (quivered)
 E - 2 potions of flight
 F - a potion of haste
 G - a potion of lignification {unknown}
 I - 4 potions of resistance
 O - a potion of degeneration {unknown}


   Skills:
 + Level 10.8 Fighting
 + Level 6.5 Short Blades
 + Level 6.5 Long Blades
 + Level 6.5 Axes
 + Level 8.1 Maces & Flails
 + Level 6.5 Polearms
 + Level 6.5 Staves
 + Level 6.5 Ranged Weapons
 + Level 6.5 Throwing
 + Level 8.1 Armour
 + Level 6.5 Dodging
 + Level 7.9 Stealth
 + Level 6.5 Shields
 + Level 6.5 Unarmed Combat
 + Level 6.5 Spellcasting
 + Level 5.4 Conjurations
 + Level 5.4 Hexes
 + Level 5.4 Summonings
 + Level 5.4 Necromancy
 + Level 5.4 Translocations
 + Level 5.4 Transmutations
 + Level 5.4 Fire Magic
 + Level 5.4 Ice Magic
 + Level 5.4 Air Magic
 + Level 5.4 Earth Magic
 + Level 5.4 Poison Magic
 + Level 7.2 Invocations
 + Level 6.5 Evocations


You had 23 spell levels left.
You didn't know any spells.
Your spell library contained the following spells:

 Spells                   Type           Power      Damage    Failure   Level
 Apportation              Tloc           36%        N/A       99%         1
 Necrotise                Necr           72%        1d7       99%         1
 Slow                     Hex            72%        N/A       99%         1
 Summon Small Mammal      Summ           72%        N/A       99%         1
 Scorch                   Fire           36%        2d6       100%        2
 Sublimation of Blood     Necr           18%        N/A       100%        2
 Call Canine Familiar     Summ           18%        N/A       100%        3
 Confusing Touch          Hex            18%        N/A       100%        3
 Summon Guardian Golem    Hex/Summ       18%        N/A       100%        3
 Vampiric Draining        Necr           18%        2d7       100%        3
 Flame Wave               Conj/Fire      18%        2d7       100%        4
 Petrify                  Tmut/Erth      18%        N/A       100%        4
 Sticky Flame             Conj/Fire      18%        2d4       100%        4
 Fireball                 Conj/Fire      9%         3d6       100%        5
 Irradiate                Conj/Tmut      9%         3d14      100%        5
 Starburst                Conj/Fire      9%         6d5       100%        6
 Summon Cactus Giant      Summ           9%         N/A       100%        6


Dungeon Overview and Level Annotations

Branches:
Dungeon (9/15)             Temple (1/1) D:4            Lair (0/5) D:9
    Orc: D:9-12

Altars:
Ashenzari
Cheibriados
Dithmenos
Elyvilon
Fedhas
Gozag
Hepliaklqana
Kikubaaqudgha
Makhleb
Nemelex Xobeh
Okawaru
Qazlal
Ru
Sif Muna
Trog
Uskayaw
Vehumet
Wu Jian
Xom
Yredelemnul
Zin
The Shining One

Shops:
D:1 ?:=!   D:2 :

Annotations:
D:8 1 runed translucent door, greasedhog's ghost, novice DEAK
D:9 0gre's ghost, journeyman GnIE


Innate Abilities, Weirdness & Mutations

Your life essence is reduced to manifest your ancestor. (-10% HP)
You have very sharp teeth.
Your uncanny sense of smell can sniff out nearby items.
Your experience applies equally to all skills.
You have a pair of small antennae on your head.
You are agile. (Dex +4, Str/Int -1)
Your body sometimes deteriorates upon taking damage.
You are dopey. (Int -2)
You occasionally shout uncontrollably at your foes.
You are very weak. (Str -4)
You occasionally lose the ability to read scrolls when taking damage.
You expend magic power (3 MP) to strengthen your wands.


Message History

The stone arrow hits you!!
The kobold brigand hits you with a +0 club.
The white imp hits you but does no damage.
You thump the kobold demonologist!
You kill the kobold demonologist!
The white imp disappears in a puff of smoke!
The shadow imp disappears in a puff of smoke!
The quasit disappears in a puff of smoke!
The sixfirhy disappears in a puff of smoke!
The kobold brigand completely misses you. 0gre's ghost casts a spell at you.
The stone arrow hits you!!
You feel threatened and lose the ability to read scrolls!
The kobold brigand hits you but does no damage.
You feel your dexterity returning.
You hit the kobold brigand. You bite the kobold brigand.
The kobold brigand is lightly wounded.
The kobold brigand hits you with a +0 dagger.
The kobold brigand zaps a wand.
You easily resist. 0gre's ghost shrieks, "Very impressive.
But it won't help.
Nothing will." 0gre's ghost points at you and mumbles some strange words.
The stone arrow hits you!!
* * * LOW HITPOINT WARNING * * *
The kobold brigand hits you but does no damage. x2
Space warps around you.
* * * LOW HITPOINT WARNING * * *
The kobold brigand hits you with a +0 dagger.
* * * LOW HITPOINT WARNING * * *
The kobold brigand hits you with a +0 whip.
The kobold brigand barely misses you.
The kobold brigand hits you but does no damage. 0gre's ghost hits you but does no damage.
Okay, then.
You drop a scroll labelled KEIGANL JIHO KURO.
The kobold brigand hits you but does no damage.
Space warps around you.
* * * LOW HITPOINT WARNING * * *
The kobold brigand hits you with a +0 whip.
You die...
Xom howls with laughter!

#...######## #########
#........).######......>#
#...######)....>..#####.# ##.##
#..####### #.## #.# #..# #... ##
#†# ###..# #### .## #.#####....##
..#######.#..).KK§..#
.)........#.##KW@##.#
...##########..KKK### .#.####
#.#..K#K# ##....######⌠.#.#.⌠#
#.........#.#...#.# ##########
#.##......##.....#####........##
##.#######.###.??##.....#........
...# #.# #####........#####.#
#### #.# #......####### #.#


You could see 8 kobold brigands and 0gre's ghost.

Vanquished Creatures
  A two-headed ogre (D:9)
  An ugly thing (D:7)
  2 komodo dragons (D:9)
  2 kobold demonologists (D:9)
  A hornet (D:9)
  A troll (D:7)
  Sigmund (D:3)
  A shadow (D:9)
  7 yaks (D:9)
  2 wyverns
  A basilisk (D:9)
  A golden eye (shapeshifter) (D:6)
  An acid dragon (D:9)
  4 water moccasins
  4 ice beasts
  An orc warrior (D:9)
  A sky beast (D:7)
  A black bear (D:4)
  2 centaurs
  3 kobold brigands
  3 scorpions (D:5)
  2 bullfrogs
  A necrophage (D:5)
  2 wights (D:8)
  2 killer bees (D:8)
  A howler monkey (D:5)
  3 jellies
  3 orc priests
  A gnoll bouda (D:6)
  3 hounds
  8 iguanas
  4 orc wizards
  5 gnolls
  3 adders
  A river rat (D:3)
  2 shadow imps
  2 white imps
  2 ufetubi
  A worm (D:2)
  3 dart slugs
  27 orcs
  5 ball pythons
  6 bats
  8 endoplasms
  3 giant cockroaches
  6 goblins
  6 hobgoblins
  8 jackals
  2 quokkas
  12 kobolds
  6 rats
179 creatures vanquished.

Vanquished Creatures (collateral kills)
  Erica (D:8)
  A deep elf pyromancer (D:9)
  2 yaks (D:9)
  A steam dragon (D:9)
  A water moccasin (D:5)
  An ice beast (D:7)
  An ogre (D:7)
  A phantom (D:5)
  2 necrophages
  A bullfrog (D:7)
  2 wights
  2 killer bees
  2 orc priests
  An iguana (D:7)
  3 orc wizards
  7 orcs
  3 kobolds
  A goblin (D:7)
33 creatures vanquished.

Vanquished Creatures (others)
  2 battlemagi (D:9)
  A gnoll (D:8)
  3 orcs (D:5)
6 creatures vanquished.

Grand Total: 218 creatures vanquished

Notes
Turn   | Place    | Note
-------+----------+-------------------------------------------
     0 | D:1      | bchevrier the Gnoll Wanderer began the quest for the Orb.
     0 | D:1      | bchevrier set off with the following items: a +3 mace, a +0
                  | pair of boots, a scroll of vulnerability, a +0 robe.
     0 | D:1      | Reached XP level 1. HP: 26/26 MP: 1/1
    42 | D:1      | Found Mykh's Jewellery Emporium.
    45 | D:1      | Found Wuwi's Distillery.
   112 | D:1      | Found Wesiywki's Magic Scroll Shop.
   123 | D:1      | Reached XP level 2. HP: 25/33 MP: 2/2
   202 | D:1      | Found Qiloing's Book Shoppe.
   905 | D:2      | Reached XP level 3. HP: 38/38 MP: 3/3
   919 | D:2      | Reached skill level 1 in Invocations
   964 | D:2      | Reached skill level 1 in Short Blades
   964 | D:2      | Reached skill level 1 in Long Blades
   964 | D:2      | Reached skill level 1 in Axes
   964 | D:2      | Reached skill level 1 in Polearms
   964 | D:2      | Reached skill level 1 in Staves
   964 | D:2      | Reached skill level 1 in Ranged Weapons
   964 | D:2      | Reached skill level 1 in Throwing
   964 | D:2      | Reached skill level 1 in Dodging
   964 | D:2      | Reached skill level 1 in Shields
   964 | D:2      | Reached skill level 1 in Unarmed Combat
   964 | D:2      | Reached skill level 1 in Spellcasting
   964 | D:2      | Reached skill level 1 in Evocations
  1177 | D:2      | Found a shimmering altar of Xom.
  1349 | D:2      | Reached XP level 4. HP: 45/45 MP: 5/5
  1472 | D:2      | Found Plog's Book Shoppe.
  1716 | D:2      | Found a faded altar of an unknown god.
  1864 | D:2      | Prayed at the altar of an unknown god.
  1864 | D:2      | Became a worshipper of Xom of Chaos
  1865 | D:2      | Fell from the grace of Xom
  2096 | D:3      | Reached skill level 1 in Conjurations
  2096 | D:3      | Reached skill level 1 in Hexes
  2096 | D:3      | Reached skill level 1 in Summonings
  2096 | D:3      | Reached skill level 1 in Necromancy
  2096 | D:3      | Reached skill level 1 in Translocations
  2096 | D:3      | Reached skill level 1 in Transmutations
  2096 | D:3      | Reached skill level 1 in Fire Magic
  2096 | D:3      | Reached skill level 1 in Ice Magic
  2096 | D:3      | Reached skill level 1 in Air Magic
  2096 | D:3      | Reached skill level 1 in Earth Magic
  2096 | D:3      | Reached skill level 1 in Poison Magic
  2321 | D:3      | Noticed Sigmund
  2331 | D:3      | Killed Sigmund
  2332 | D:3      | Reached XP level 5. HP: 18/51 MP: 5/7
  2332 | D:3      | Reached XP level 6. HP: 21/57 MP: 5/8
  2507 | D:3      | XOM: summons 4 hostile shadow creatures
  2538 | D:3      | XOM: give mutation
  2538 | D:3      | Gained mutation: You expend magic power (3 MP) to
                  | strengthen your wands. [Xom's mischief]
  2583 | D:3      | XOM: polymorph jackal -> river rat
  2592 | D:3      | Reached skill level 5 in Maces & Flails
  2592 | D:3      | Reached skill level 5 in Armour
  2620 | D:3      | XOM: give mutation
  2620 | D:3      | Gained mutation: You are weak. (Str -2) [Xom's mischief]
  2802 | D:3      | XOM: scenery: 1 doors close
  2867 | D:1      | Bought a scroll of enchant armour for 105 gold pieces
  2950 | D:4      | XOM: noise
  3060 | D:4      | Found a sand-covered staircase.
  3115 | D:4      | Noticed a black bear
  3121 | D:4      | Killed a black bear
  3284 | D:4      | Found a staircase to the Ecumenical Temple.
  3300 | Temple   | Entered the Ecumenical Temple
  3322 | Temple   | Became a worshipper of Hepliaklqana the Forgotten
  3425 | D:4      | Reached XP level 7. HP: 36/63 MP: 10/10
  3857 | D:4      | Found a bloodstained altar of Trog.
  3857 | D:4      | Found a broken altar of Ashenzari.
  3863 | D:4      | Found a faded altar of an unknown god.
  3865 | D:4      | Found a white marble altar of Elyvilon.
  3867 | D:4      | Found a faded altar of an unknown god.
  3988 | D:5      | Entered Level 5 of the Dungeon
  4075 | D:5      | Reached skill level 5 in Stealth
  4082 | D:5      | Reached skill level 9 in Fighting
  4153 | D:5      | XOM: chaos cloud
  4199 | D:5      | XOM: 2-stop teleportation journey
  4308 | D:5      | XOM: 2-stop teleportation journey
  4343 | D:5      | Reached * piety under Hepliaklqana
  4402 | D:5      | XOM: chaos cloud
  4411 | D:5      | Reached XP level 8. HP: 49/63 MP: 12/12
  4510 | D:5      | Identified the +0 plate armour of Vehumet's Supremacy
                  | {rPois Int+5 Stlth+}
  4795 | D:5      | XOM: stat loss: -3 Dex (11/14)
  4923 | D:5      | XOM: noise
  5279 | D:6      | Noticed a shapeshifter
  5279 | D:6      | XOM: polymorph something unseen -> shapeshifter
  5280 | D:6      | a shapeshifter changed into a golden eye
  5302 | D:6      | XOM: summons 4 hostile demons
  5389 | D:6      | XOM: give mutation
  5389 | D:6      | Gained mutation: You occasionally shout uncontrollably at
                  | your foes. [Xom's mischief]
  5609 | D:6      | Reached XP level 9. HP: 69/69 MP: 14/14
  5669 | D:6      | Identified the +6 quarterstaff "Piakex" {vorpal, rElec}
  5926 | D:6      | XOM: give mutation
  5926 | D:6      | Gained mutation: You are very weak. (Str -4) [Xom's
                  | mischief]
  6123 | D:6      | XOM: summons 3 hostile shadow creatures
  6273 | D:7      | XOM: noise
  6710 | D:7      | Reached skill level 5 in Invocations
  6730 | D:7      | Noticed a brown ugly thing
  6730 | D:7      | Noticed a troll
  6737 | D:7      | Killed a brown ugly thing
  6739 | D:7      | Killed a troll
  6971 | D:7      | Identified the +0 chain mail "Torphosch" {rN++ Str-4 Int+9
                  | Stlth-}
  7036 | D:7      | Reached skill level 5 in Short Blades
  7036 | D:7      | Reached skill level 5 in Long Blades
  7036 | D:7      | Reached skill level 5 in Axes
  7036 | D:7      | Reached skill level 5 in Polearms
  7036 | D:7      | Reached skill level 5 in Staves
  7036 | D:7      | Reached skill level 5 in Ranged Weapons
  7036 | D:7      | Reached skill level 5 in Throwing
  7036 | D:7      | Reached skill level 5 in Dodging
  7036 | D:7      | Reached skill level 5 in Shields
  7036 | D:7      | Reached skill level 5 in Unarmed Combat
  7036 | D:7      | Reached skill level 5 in Spellcasting
  7036 | D:7      | Reached skill level 5 in Evocations
  7036 | D:7      | Reached XP level 10. HP: 76/76 MP: 17/17
  7048 | D:7      | Reached skill level 10 in Fighting
  7302 | D:7      | Got the Tome of Conflagration
  7455 | D:7      | Reached ** piety under Hepliaklqana
  7456 | D:7      | Remembered your ancestor Zoran as a battlemage
  7852 | D:8      | XOM: give mutations
  7852 | D:8      | Gained mutation: You occasionally lose the ability to read
                  | scrolls when taking damage. [Xom's mischief]
  7852 | D:8      | Gained mutation: You are dopey. (Int -2) [Xom's mischief]
  7852 | D:8      | Gained mutation: Your body sometimes deteriorates upon
                  | taking damage. [Xom's mischief]
  7971 | D:8      | XOM: give mutations
  7971 | D:8      | Gained mutation: You are agile. (Dex +4, Str/Int -1) [Xom's
                  | mischief]
  7971 | D:8      | Gained mutation: You have a pair of small antennae on your
                  | head. [Xom's mischief]
  8102 | D:8      | Noticed Erica
  8109 | D:8      | Killed Erica
  8110 | D:8      | Found a runed translucent door.
  8228 | D:8      | Noticed greasedhog's ghost (novice DEAK)
  8611 | D:9      | Was forgiven by Xom
  8630 | D:9      | Noticed a two-headed ogre
  8634 | D:9      | Killed a two-headed ogre
  8796 | D:9      | Noticed a deep elf pyromancer
  8805 | D:9      | Killed a deep elf pyromancer
  9086 | D:9      | Reached *** piety under Hepliaklqana
  9131 | D:9      | Reached skill level 5 in Conjurations
  9131 | D:9      | Reached skill level 5 in Hexes
  9131 | D:9      | Reached skill level 5 in Summonings
  9131 | D:9      | Reached skill level 5 in Necromancy
  9131 | D:9      | Reached skill level 5 in Translocations
  9131 | D:9      | Reached skill level 5 in Transmutations
  9131 | D:9      | Reached skill level 5 in Fire Magic
  9131 | D:9      | Reached skill level 5 in Ice Magic
  9131 | D:9      | Reached skill level 5 in Air Magic
  9131 | D:9      | Reached skill level 5 in Earth Magic
  9131 | D:9      | Reached skill level 5 in Poison Magic
  9131 | D:9      | Reached XP level 11. HP: 70/82 MP: 16/20
  9695 | D:9      | Found a staircase to the Lair.
 10111 | D:9      | Found a runed translucent gate.
 10113 | D:9      | Found a runed translucent gate.
 10114 | D:9      | Noticed 0gre's ghost (journeyman GnIE)
 10115 | D:9      | Found a runed translucent gate.
 10603 | D:9      | Noticed a sixfirhy
 10606 | D:9      | HP: 3/82 [kobold brigand/+2 whip of distortion (3)]
 10606 | D:9      | Slain by a kobold brigand

Illustrated notes

Levels and vault maps discovered:
D:1:      nicolae_arrival_somewhat_less_tricky_arrival, layout_loops_cross,
          serial_shops, nicolae_shop_advertising_works
          [nicolae_subvault_shop_adworks], shop, nicolae_shop_stone,
          nicolae_lakefront_shop
D:2:      layout_basic, ebering_ecumenical_altar_sacrificial, basic_altar,
          serial_shops, nicolae_diamond_shop, st_stairs_10,
          lemuel_another_geyser
D:3:      layout_basic, minmay_cut_off, uniq_sigmund
D:4:      layout_cave_pods, chequers_temple_overflow_minitemple,
          minmay_temple_entry_glassed_door, enter_ossuary_3
D:5:      minmay_octagon_keep, layout_basic, chequers_serial_rivers_micro_c,
          chequers_serial_rivers_small_b
D:6:      layout_loops_ring, kennysheep_path_1
D:7:      kennysheep_windowed_halls, layout_rooms, enter_bailey_3,
          minmay_misc_feat_encased
D:8:      layout_cave_pools, ebering_ghost_reflecting_pool, uniq_erica
D:9:      layout_loops_ring, erik_lair_dragon, gammafunk_ghost_nasty_kobolds,
          small_chamber_with_monster
Temple:   hellmonk_temple_of_storms

Skill      XL: |  1  2  3  4  5  6  7  8  9 10 11 |
---------------+----------------------------------+-----
Invocations    | 1 2 3 4 5 6 7 |  7.2
Short Blades   | 1 2 3 5 6 |  6.5
Long Blades    | 1 2 3 5 6 |  6.5
Axes           | 1 2 3 5 6 |  6.5
Polearms       | 1 2 3 5 6 |  6.5
Staves         | 1 2 3 5 6 |  6.5
Ranged Weapons | 1 2 3 5 6 |  6.5
Throwing       | 1 2 3 5 6 |  6.5
Dodging        | 1 2 3 5 6 |  6.5
Shields        | 1 2 3 5 6 |  6.5
Unarmed Combat | 1 2 3 5 6 |  6.5
Spellcasting   | 1 2 3 5 6 |  6.5
Evocations     | 1 2 3 5 6 |  6.5
Conjurations   | 1 2 3 4 5 |  5.4
Hexes          | 1 2 3 4 5 |  5.4
Summonings     | 1 2 3 4 5 |  5.4
Necromancy     | 1 2 3 4 5 |  5.4
Translocations | 1 2 3 4 5 |  5.4
Transmutations | 1 2 3 4 5 |  5.4
Fire Magic     | 1 2 3 4 5 |  5.4
Ice Magic      | 1 2 3 4 5 |  5.4
Air Magic      | 1 2 3 4 5 |  5.4
Earth Magic    | 1 2 3 4 5 |  5.4
Poison Magic   | 1 2 3 4 5 |  5.4
Maces & Flails | 5 6 7 8 |  8.1
Armour         | 5 6 7 8 |  8.1
Stealth        | 5 6 7 |  7.9
Fighting       | 9 10 | 10.8

Action                   |  1- 3 |  4- 6 |  7- 9 | 10-12 || total
-------------------------+-------+-------+-------+-------++-------
Melee: Mace              |    64 |    75 |   120 |       ||   259
       Bite              |     3 |     7 |    23 |    24 ||    57
       Punch             |       |     2 |     5 |       ||     7
       Quarterstaff      |       |       |    60 |   151 ||   211
Throw: Dart              |       |       |       |    15 ||    15
Invok: Renounce Religion |       |     1 |       |       ||     1
       Ancestor Identity |       |       |     1 |     1 ||     2
       Recall Ancestor   |       |       |       |     1 ||     1
       Ancestor Life: Ba |       |       |       |     1 ||     1
Evoke: Wand              |       |       |     4 |     4 ||     8
  Use: Scroll            |     2 |     6 |     4 |     1 ||    13
       Potion            |       |       |     3 |     5 ||     8
 Stab: Sleeping          |     6 |     6 |       |       ||    12
       Invisible         |       |       |     2 |       ||     2
       Distracted        |       |       |     2 |     1 ||     3
Armor: Robe              |    20 |     4 |       |       ||    24
       Ring mail         |       |    18 |    59 |       ||    77
       Plate armour      |       |       |   101 |   164 ||   265
Dodge: Dodged            |    38 |    29 |    65 |    37 ||   169
